 Dungeon Crawl Stone Soup version 0.26.0-45-g9c1d065592 (webtiles) character file.

Game seed: 17631419688488891768

47 Gadfly the Shield-Bearer (level 3, -2/29 HPs)
             Began as a Formicid Fighter on Feb 1, 2021.
             Slain by a gnoll
             ... wielding a +0 vorpal spear
              (8 damage)
             ... on level 2 of the Dungeon.
             The game lasted 00:02:16 (1025 turns).

Gadfly the Shield-Bearer (Formicid Fighter)         Turns: 1025, Time: 00:02:16

Health: -2/29      AC:  6    Str: 21    XL:     3   Next: 97%
Magic:  4/4        EV:  8    Int:  7    God:
Gold:   22         SH:  9    Dex: 10    Spells: 2/2 levels left

rFire    . . .     SeeInvis +   a - +1 trident
rCold    + . .     Faith    .   c - +0 kite shield
rNeg     . . .     Spirit   .   b - +0 scale mail
rPois    .         Reflect  .   (helmet unavailable)
rElec    .         Harm     .   (no cloak)
rCorr    .         Rampage  .   (no gloves)
Will     .....                  (no boots)
Stlth    ..........             (no amulet)
HPRegen  0.09/turn              g - ring of protection from cold
MPRegen  0.09/turn              (no ring)

@: mighty
A: permanent stasis, dig shafts and tunnels, four strong arms, antennae 3
a: Dig, Shaft Self


You were on level 2 of the Dungeon.
You visited 1 branch of the dungeon, and saw 2 of its levels.

You collected 22 gold pieces.

Inventory:

Hand Weapons
 a - a +1 trident (weapon)
Armour
 b - a +0 scale mail (worn)
 c - a +0 kite shield (worn)
Jewellery
 g - a ring of protection from cold (left hand)
Scrolls
 f - a scroll of remove curse {unknown}
Potions
 h - a potion of curing


   Skills:
 + Level 3.5 Fighting
 * Level 2.5 Polearms
 + Level 3.5 Armour
 + Level 3.9 Shields
 * Level 1.5 Invocations
 * Level 1.4 Evocations


You had 2 spell levels left.
You didn't know any spells.
Your spell library was empty.

Dungeon Overview and Level Annotations

Branches:
Dungeon (2/15)

Altars:
Yredelemnul


Innate Abilities, Weirdness & Mutations

You cannot be hasted, slowed, berserked, paralysed or teleported.
You can dig through walls and to a lower floor.
Your four strong arms can wield two-handed weapons with a shield.
You have a pair of large antennae on your head. (SInv)


Message History

The gnoll is heavily wounded.
The gnoll hits you but does no damage. The gnoll closely misses you.
You puncture the gnoll!
You kill the gnoll!
The gnoll barely misses you. The gnoll closely misses you.
The gnoll closely misses you. You block the gnoll's attack.
You see here a cursed -1 flail.
You hit the gnoll.
The gnoll is lightly wounded.
The gnoll hits you from afar with a +0 vorpal spear.
* * * LOW HITPOINT WARNING * * *
x2 You block the gnoll's attack.
The gnoll barely misses you.
You closely miss the gnoll.
The gnoll is lightly wounded.
The gnoll closely misses you. The gnoll barely misses you.
You hit the gnoll.
The gnoll is moderately wounded.
You block the gnoll's attack.
The gnoll hits you from afar with a +0 vorpal spear!
You die...

###..........##.#...###
#............##.#.#.#
#.#..........##.#...#
##.##...........)....#
##...##..............>#
##.....##............
.#
.#..$....#(...........
....._..gg.###########
##.....).#@#
##.....##.# ##...##..#
##.##..## #....# #####


You could see 2 gnolls.

Vanquished Creatures
  2 gnolls (D:2)
  An ooze (D:2)
  A dart slug (D:1)
  A leopard gecko (D:1)
  A giant cockroach (D:1)
  5 hobgoblins (D:1)
  4 bats (D:1)
  2 frilled lizards (D:1)
  A goblin (D:1)
  4 rats (D:1)
22 creatures vanquished.

Vanquished Creatures (others)
  A plant (D:2)
1 creature vanquished.

Grand Total: 23 creatures vanquished

Notes
Turn   | Place    | Note
-------+----------+-------------------------------------------
     0 | D:1      | Gadfly the Formicid Fighter began the quest for the Orb.
     0 | D:1      | Reached XP level 1. HP: 18/18 MP: 1/1
   135 | D:1      | Reached XP level 2. HP: 24/24 MP: 2/2
   273 | D:1      | Reached skill level 1 in Invocations
   372 | D:1      | Reached skill level 1 in Evocations
   373 | D:1      | Reached XP level 3. HP: 3/29 MP: 3/3
   997 | D:2      | Found a basalt altar of Yredelemnul.
  1004 | D:2      | HP: 1/29 [gnoll/+0 spear (8)]
  1025 | D:2      | Slain by a gnoll

Illustrated notes

Levels and vault maps discovered:
D:1:      zelgadis_glass_arrival_small, layout_loops_ring
D:2:      layout_basic, lemuel_round_altar, serial_bayou, serial_bayou_pond_e,
          serial_bayou_lake_a, serial_bayou_pond_e, serial_bayou_shore_a,
          uniq_terence

Skill      XL: |  1  2 |
---------------+-------+-----
Invocations    | 1 |  1.5
Evocations     | 1 |  1.4
Fighting       | |  3.5
Polearms       | |  2.5
Armour         | |  3.5
Shields        | |  3.9

Action                   || total
-------------------------++-------
Melee: Trident           ||    77
  Use: Scroll            ||     3
       Potion            ||     3
Armor: Scale mail        ||    32
Dodge: Dodged            ||    34
Block: Kite shield       ||    37
